 Dungeon Crawl Stone Soup version 0.28.0-45-g0d030f2227 (webtiles) character file.

Game seed: 15336115625692840154

25946 MisterFreud the Covert (level 13, -6/93 HPs)
             Began as a Gnoll Delver on May 14, 2022.
             Was the Champion of Hepliaklqana.
             Mangled by a four-headed hydra (10 damage)
             ... on level 3 of the Lair of Beasts.
             The game lasted 00:27:19 (18287 turns).

MisterFreud the Covert (Gnoll Delver)              Turns: 18287, Time: 00:27:19

Health: -6/93      AC: 11    Str: 14    XL:     13   Next: 22%
Magic:  0/22       EV: 16    Int: 13    God:    Hepliaklqana [******]
Gold:   456        SH:  0    Dex: 13    Spells: 28/28 levels left

rFire   . . .      SeeInvis +   n - +4 trident (venom)
rCold   . . .      Faith    .   (no shield)
rNeg    . . .      Spirit   +   b - +0 leather armour
rPois   +          Reflect  .   L - +2 helmet {SInv}
rElec   .          Harm     .   J - +2 cloak
rCorr   .          Rampage  .   (no gloves)
Will    ++...                   d - +1 pair of boots
Stlth   +++.......              Y - amulet "Piduohah" {Spirit rPois Will+ Slay+3 Stlth+}
HPRegen 0.25/turn               i - ring of willpower
MPRegen 0.18/turn               A - +4 ring of slaying

@: very slow
A: reduced essence, fangs 1, strong nose, distributed training, deformed body,
low MP 1, passive freeze, sturdy frame 1
a: Renounce Religion, Recall Ancestor, Ancestor Identity, Transference, Idealise


You were on level 3 of the Lair of Beasts.
You worshipped Hepliaklqana.
Hepliaklqana was exalted by your worship.
You visited 3 branches of the dungeon, and saw 17 of its levels.
You also visited: Ossuary and Ice Cave.

You collected 823 gold pieces.
You spent 367 gold pieces at shops.

Inventory:

Hand Weapons
 a - a +1 short sword
 n - a +4 trident of venom (weapon)
 p - the +5 dagger of the Wilderness {drain, rC++ rCorr MP+9 Dex-3}
   (You bought it in a shop on level 2 of the Dungeon)

   A truly terrible weapon, it drains the life of any living foe it strikes.
   Dex:       It affects your dexterity (-3).
   rC:        It greatly protects you from cold.
   MP:        It affects your magic capacity (+9).
   rCorr:     It protects you from acid and corrosion.
 N - a +4 morningstar
Missiles
 l - 18 poisoned darts (quivered)
 v - 3 curare-tipped darts
 C - 3 boomerangs
 E - 6 throwing nets
 F - 5 javelins
Armour
 b - a +0 leather armour (worn)
 d - a +1 pair of boots (worn)
 J - a +2 cloak (worn)
 L - a +2 helmet of see invisible (worn)
 X - the +3 hat of Pondering {ponderous, Will+ MP+10 Int+5}
   (You found it on level 2 of the Lair of Beasts)

   Int:       It affects your intelligence (+5).
   MP:        It affects your magic capacity (+10).
   Will:      It increases your willpower.
Jewellery
 i - a ring of willpower (left hand)
 r - an amulet of the acrobat
 w - an amulet of magic regeneration
 x - a ring of resist corrosion
 A - a +4 ring of slaying (right hand)
 H - an amulet of reflection
 I - a ring of wizardry
 O - a ring of see invisible
 Y - the amulet "Piduohah" (around neck) {Spirit rPois Will+ Slay+3 Stlth+}
   (You found it on level 2 of the Lair of Beasts)

   [amulet of guardian spirit]

   It causes incoming damage to be divided between your reserves of health and
   magic.
   Slay:      It affects your accuracy & damage with ranged weapons and melee
   (+3).
   rPois:     It protects you from poison.
   Will:      It increases your willpower.
   Stlth:     It makes you more stealthy.
Wands
 g - a wand of digging (7)
 j - a wand of paralysis (14)
 P - a wand of iceblast (4)
 U - a wand of flame (18)
 W - a wand of polymorph (4)
Scrolls
 c - 3 scrolls of fog
 e - a scroll of fear
 k - 7 scrolls of teleportation
 m - 10 scrolls of identify
 q - 2 scrolls of magic mapping
 t - 2 scrolls of enchant armour
 y - a scroll of noise
 M - a scroll of summoning
 Q - a scroll of amnesia
 S - a scroll of holy word {unknown}
 T - a scroll of enchant weapon
 V - a scroll of brand weapon {unknown}
Potions
 f - 3 potions of haste
 h - 10 potions of curing
 o - 3 potions of brilliance
 s - 2 potions of mutation
 u - 4 potions of magic
 z - a potion of resistance
 B - 2 potions of flight
 D - 2 potions of heal wounds
 G - 2 potions of might
 K - a potion of lignification
 R - a potion of invisibility {unknown}


   Skills:
 + Level 10.4 Fighting
 + Level 9.4 Short Blades
 + Level 8.1 Long Blades
 + Level 8.1 Axes
 + Level 8.1 Maces & Flails
 + Level 8.1 Polearms
 + Level 8.1 Staves
 + Level 8.1 Slings
 + Level 8.1 Bows
 + Level 8.1 Crossbows
 + Level 8.1 Throwing
 + Level 8.1 Armour
 + Level 9.4 Dodging
 + Level 12.4 Stealth
 + Level 8.1 Shields
 + Level 8.1 Unarmed Combat
 + Level 8.1 Spellcasting
 + Level 6.7 Conjurations
 + Level 6.7 Hexes
 + Level 6.7 Summonings
 + Level 6.7 Necromancy
 + Level 6.7 Translocations
 + Level 6.7 Transmutations
 + Level 6.7 Fire Magic
 + Level 6.7 Ice Magic
 + Level 6.7 Air Magic
 + Level 6.7 Earth Magic
 + Level 6.7 Poison Magic
 + Level 8.9 Invocations
 + Level 8.1 Evocations


You had 28 spell levels left.
You didn't know any spells.
Your spell library contained the following spells:

 Spells                   Type           Power      Damage    Failure   Level
 Animate Skeleton         Necr           44%        N/A       1%          1
 Apportation              Tloc           44%        N/A       1%          1
 Freeze                   Ice            88%        1d10      1%          1
 Sandblast                Erth           44%        2d11      1%          1
 Slow                     Hex            88%        N/A       1%          1
 Summon Small Mammal      Summ           88%        N/A       1%          1
 Ensorcelled Hibernation  Hex/Ice        44%        N/A       1%          2
 Passwall                 Tmut/Erth      18%        N/A       1%          2
 Confusing Touch          Hex            22%        N/A       2%          3
 Frozen Ramparts          Ice            44%        1d6       2%          3
 Mephitic Cloud           Conj/Pois/Air  22%        N/A       2%          3
 Stone Arrow              Conj/Erth      44%        3d9       2%          3
 Swiftness                Air            22%        N/A       2%          3
 Vampiric Draining        Necr           22%        2d7       2%          3
 Animate Armour           Summ/Erth      44%        N/A       9%          4
 Hailstorm                Conj/Ice       22%        3d7       9%          4
 Passage of Golubria      Tloc           22%        N/A       9%          4
 Shatter                  Erth           11%        3d12*     100%        9


Dungeon Overview and Level Annotations

Branches:
Dungeon (13/15)            Temple (1/1) D:6            Lair (3/6) D:8
 Vaults (0/5) D:13        Ossuary (visited)           IceCv (visited)
  Swamp: Lair:2-4    Shoals: Lair:2-4     Snake: Lair:2-4    Spider: Lair:2-4
    Orc: D:9-12

Altars:
Ashenzari
Cheibriados
Dithmenos
Elyvilon
Fedhas
Gozag
Hepliaklqana
Kikubaaqudgha
Makhleb
Nemelex Xobeh
Okawaru
Qazlal
Ru
Sif Muna
Trog
Uskayaw
Vehumet
Wu Jian
Yredelemnul
Zin
The Shining One

Shops:
D:2 (   D:5 ?[*   D:6 [   D:9 [   D:10 [

Annotations:
D:5 2 runed translucent doors, arakdai's ghost, amateur DsGl
D:9 2 transporters, exclusion: 2 ice statues, jacek's ghost, journeyman DDCA
Lair:1 2 transporters, exclusion: 3 oklob plants, Fatues's ghost, journeyman HuFi


Innate Abilities, Weirdness & Mutations

Your life essence is reduced to manifest your ancestor. (-10% HP)
You have very sharp teeth.
Your uncanny sense of smell can sniff out nearby items.
Your experience applies equally to all skills.
Armour fits poorly on your strangely shaped body.
Your magical capacity is low. (-10% MP)
A frigid envelope surrounds you and freezes all who hurt you.
Your movements are slightly less encumbered by armour. (ER -2)


Message History

Vusi blocks the cane toad's attack.
The four-headed hydra bites Vusi!
Vusi is destroyed!
You reach to attack!
You hit the cane toad.
You kill the cane toad!
The swamp worm fires a harpoon shot at you.
The harpoon shot hits you.
You are yanked forward by the harpoon shot.
Splash!
You fall into the shallow water.
Moving in this stuff is going to be slow.
The four-headed hydra bites you!
The four-headed hydra is very cold.
The four-headed hydra is lightly wounded.
The four-headed hydra barely misses you.
The four-headed hydra misses you. The four-headed hydra bites you!
The four-headed hydra is very cold.
The four-headed hydra seems to slow down.
The four-headed hydra is lightly wounded.
You hear a roar!
Unknown command.
You barely miss the four-headed hydra.
The four-headed hydra is lightly wounded.
The swamp worm bites you!!
* * * LOW HITPOINT WARNING * * *
The swamp worm is very cold.
The swamp worm is moderately wounded.
Unknown command.
The four-headed hydra is no longer moving slowly.
The four-headed hydra completely misses you.
The four-headed hydra barely misses you. x2
The four-headed hydra closely misses you.
The swamp worm bites you!!
* * * LOW HITPOINT WARNING * * *
The swamp worm is very cold.
The swamp worm is heavily wounded.
The four-headed hydra bites you but does no damage.
The four-headed hydra is very cold.
The four-headed hydra is moderately wounded.
The four-headed hydra bites you but does no damage.
The four-headed hydra bites you!
You die...

###### ##### #.##.#
∆.....###....# #
#.........# ##.
♣♣♣♣♣♣♣..♣♣#.## #..
♣≈≈≈≈≈≈...♣♣..# #^#
♣≈≈≈≈≈≈@≈♣♣..## #.##
♣≈≈≈≈≈Dw♣♣##..### ###..#
♣♣≈≈≈≈...♣♣#....###.#.#.
♣♣♣♣§..♣♣..............
§§..♣♣♣♣♣.##P.#.##.#P
§§♣♣♣ ♣..####.#..#P ♣..
♣.# ###P.#. ♣.. ♣..
##... ♣. ... ####


You could see a four-headed hydra and a swamp worm.

Vanquished Creatures
  3 boulder beetles
  A hydra (Lair:2)
  A two-headed ogre (D:10)
  Sonja (Lair:2)
  A lindwurm (Lair:2)
  2 wolf spiders (Lair:2)
  An ugly thing (D:13)
  3 cyclopes
  A black mamba (Lair:1)
  A gargoyle (D:12)
  2 unseen horrors (D:11)
  8 cane toads
  3 rime drakes
  A komodo dragon (Lair:1)
  A meliai (D:12)
  A troll (D:8)
  2 blink frogs (Lair:2)
  Grinder (D:6)
  3 slime creatures (D:8)
  5 dream sheep (Lair:2)
  A ynoxinul (D:8)
  3 wraiths
  8 yaks
  A redback (Lair:2)
  2 swamp worms (Lair:3)
  Edmund (D:5)
  3 water moccasins
  4 orc warriors
  A black bear (D:7)
  A sky beast (D:7)
  6 centaurs
  3 wolves (Lair:2)
  An ogre (D:4)
  3 phantoms
  An elf zombie (Ossuary)
  A kobold brigand (D:8)
  4 bullfrogs
  5 wights
  3 killer bees
  7 howler monkeys
  2 lava snakes (Lair:2)
  2 komodo dragon simulacra (IceCv)
  5 centaur zombies
  3 hounds
  A jelly (D:6)
  3 orc priests (D:11)
  A human zombie (Ossuary)
  A bullfrog zombie (D:6)
  4 centaur skeletons
  A gnoll shaman (D:4)
  2 iguanas
  5 orc wizards
  3 mummies (Ossuary)
  6 gnolls
  2 acid dragon simulacra (IceCv)
  7 adders
  2 shadow imps (D:7)
  3 ufetubi
  A worm (D:5)
  28 orcs
  9 ball pythons
  5 bats
  4 endoplasms
  2 giant cockroaches
  2 gnoll zombies (Ossuary)
  5 goblins
  4 hobgoblins
  3 jackals (D:2)
  2 quokkas
  3 frilled lizards
  2 goblin zombies (Ossuary)
  6 hobgoblin zombies (Ossuary)
  11 kobolds
  2 kobold zombies (Ossuary)
  4 rats
247 creatures vanquished.

Vanquished Creatures (collateral kills)
  Gastronok (Lair:2)
  A fire dragon (D:8)
  A boulder beetle (D:7)
  A komodo dragon (Lair:1)
  A slime creature (D:8)
  2 blink frogs (Lair:2)
  A hornet (D:10)
  2 dream sheep (Lair:2)
  2 redbacks (Lair:2)
  5 yaks
  2 steam dragons
  An acid dragon (D:13)
  A bullfrog (Lair:1)
  7 wights
  6 killer bees
  A lindwurm simulacrum (IceCv)
  A howler monkey (D:12)
  A lava snake (Lair:2)
  A komodo dragon simulacrum (IceCv)
  A gnoll shaman (D:4)
  6 gnolls
  A river rat (D:5)
  2 orcs
  A giant cockroach (D:4)
  2 goblins
  A quokka (D:4)
  A frilled lizard (D:1)
  3 kobolds (D:8)
  A rat (D:1)
57 creatures vanquished.

Vanquished Creatures (others)
  8 knights
  3 bushes (Lair:2)
  4 fungi
  15 plants
30 creatures vanquished.

Grand Total: 334 creatures vanquished

Notes
Turn   | Place    | Note
-------+----------+-------------------------------------------
     0 | D:5      | Reached skill level 9 in Stealth
     0 | D:5      | MisterFreud the Gnoll Delver began the quest for the Orb.
     0 | D:5      | Reached XP level 1. HP: 23/23 MP: 1/1
    98 | D:5      | Found Vaedel's Magic Scroll Shop.
   133 | D:5      | Reached XP level 2. HP: 11/29 MP: 2/2
   133 | D:5      | Reached XP level 3. HP: 14/35 MP: 3/3
   481 | D:5      | You fall into a shaft and drop 1 floor!
   481 | D:6      | Found a staircase to the Ecumenical Temple.
   484 | D:6      | Reached skill level 1 in Long Blades
   484 | D:6      | Reached skill level 1 in Axes
   484 | D:6      | Reached skill level 1 in Maces & Flails
   484 | D:6      | Reached skill level 1 in Polearms
   484 | D:6      | Reached skill level 1 in Staves
   484 | D:6      | Reached skill level 1 in Slings
   484 | D:6      | Reached skill level 1 in Bows
   484 | D:6      | Reached skill level 1 in Crossbows
   484 | D:6      | Reached skill level 1 in Throwing
   484 | D:6      | Reached skill level 1 in Armour
   484 | D:6      | Reached skill level 1 in Shields
   484 | D:6      | Reached skill level 1 in Unarmed Combat
   484 | D:6      | Reached skill level 1 in Spellcasting
   484 | D:6      | Reached skill level 1 in Invocations
   484 | D:6      | Reached skill level 1 in Evocations
   484 | D:6      | Reached XP level 4. HP: 22/41 MP: 5/5
   488 | Temple   | Entered the Ecumenical Temple
   686 | Temple   | Became a worshipper of Hepliaklqana the Forgotten
   732 | D:6      | Reached skill level 1 in Conjurations
   732 | D:6      | Reached skill level 1 in Hexes
   732 | D:6      | Reached skill level 1 in Summonings
   732 | D:6      | Reached skill level 1 in Necromancy
   732 | D:6      | Reached skill level 1 in Translocations
   732 | D:6      | Reached skill level 1 in Transmutations
   732 | D:6      | Reached skill level 1 in Fire Magic
   732 | D:6      | Reached skill level 1 in Ice Magic
   732 | D:6      | Reached skill level 1 in Air Magic
   732 | D:6      | Reached skill level 1 in Earth Magic
   732 | D:6      | Reached skill level 1 in Poison Magic
   836 | D:6      | Reached XP level 5. HP: 46/47 MP: 5/7
  1093 | D:6      | Noticed an ogre
  1177 | D:5      | Found Imemyxkeli's General Store.
  1185 | D:5      | Bought a scroll of teleportation for 39 gold pieces
  1349 | D:4      | Found a sand-covered staircase.
  1361 | Ossuary  | Entered an ossuary
  1361 | Ossuary  | Noticed a wraith
  1361 | Ossuary  | Noticed a wraith
  1361 | Ossuary  | Noticed a wraith
  1714 | Ossuary  | Gained mutation: You have hidden genetic defects. [potion
                  | of mutation]
  1714 | Ossuary  | Gained mutation: Your movements are slightly less
                  | encumbered by armour. (ER -2) [potion of mutation]
  1714 | Ossuary  | Gained mutation: A frigid envelope surrounds you and
                  | freezes all who hurt you. [potion of mutation]
  1714 | Ossuary  | HP: 2/47 [mummy (8)]
  2049 | Ossuary  | Reached XP level 6. HP: 37/53 MP: 8/8
  2052 | Ossuary  | Gained mutation: Your magical capacity is low. (-10% MP)
                  | [hidden defects]
  2329 | Ossuary  | Reached skill level 5 in Short Blades
  2329 | Ossuary  | Reached skill level 5 in Dodging
  2387 | Ossuary  | Gained mutation: Armour fits poorly on your strangely
                  | shaped body. [hidden defects]
  2387 | Ossuary  | Lost mutation: You have hidden genetic defects. [hidden
                  | defects expressed]
  2477 | Ossuary  | Noticed a wraith
  2500 | Ossuary  | HP: 1/53 [wraith (8)]
  2880 | Ossuary  | Killed a wraith
  2881 | Ossuary  | Reached XP level 7. HP: 59/59 MP: 9/9
  3207 | D:1      | Reached * piety under Hepliaklqana
  3886 | D:2      | Found Upehikag's Antique Weapon Boutique.
  3936 | D:2      | Found a faded altar of an unknown god.
  4071 | D:2      | Reached ** piety under Hepliaklqana
  4072 | D:2      | Remembered your ancestor Vusi as a knight
  4565 | D:3      | HP: 1/54 [gnoll/+0 club (6)]
  5157 | D:3      | Found a burning altar of Makhleb.
  5183 | D:3      | Found a sacrificial altar of Ru.
  5383 | D:4      | Reached skill level 10 in Stealth
  5394 | D:4      | Found a hide-covered altar of Uskayaw.
  5400 | D:4      | Noticed a +0 dagger
  5400 | D:4      | Noticed a +0 hand axe
  5653 | D:4      | Reached XP level 8. HP: 60/60 MP: 11/11
  5682 | D:4      | Reached *** piety under Hepliaklqana
  6044 | D:5      | Noticed Edmund
  6051 | D:5      | Killed Edmund
  6272 | D:5      | Found a large runed translucent door.
  6272 | D:5      | Found a large runed translucent door.
  6276 | D:5      | Noticed arakdai's ghost (amateur DsGl)
  7162 | D:6      | Noticed Grinder
  7165 | D:6      | Killed Grinder
  7166 | D:6      | Reached XP level 9. HP: 64/64 MP: 13/13
  7223 | D:6      | Found Olioj's Antique Armour Shoppe.
  7226 | D:6      | Bought a glowing cloak for 202 gold pieces
  7858 | D:7      | Got Dimoenlo's Reference Book on Lightness and Earth
  8077 | D:7      | Reached **** piety under Hepliaklqana
  8282 | D:7      | Noticed a boulder beetle
  8284 | D:7      | Noticed a cyclops
  8293 | D:7      | Killed a boulder beetle
  8294 | D:7      | Reached skill level 5 in Invocations
  8295 | D:7      | Killed a cyclops
  8296 | D:7      | Reached XP level 10. HP: 53/72 MP: 13/15
  8567 | D:2      | Bought a jewelled dagger for 126 gold pieces
  8567 | D:2      | Identified the +5 dagger of the Wilderness {drain, rC++
                  | rCorr MP+9 Dex-3} (You bought it in a shop on level 2 of
                  | the Dungeon)
  8772 | D:8      | Reached skill level 5 in Long Blades
  8772 | D:8      | Reached skill level 5 in Axes
  8772 | D:8      | Reached skill level 5 in Maces & Flails
  8772 | D:8      | Reached skill level 5 in Polearms
  8772 | D:8      | Reached skill level 5 in Staves
  8772 | D:8      | Reached skill level 5 in Slings
  8772 | D:8      | Reached skill level 5 in Bows
  8772 | D:8      | Reached skill level 5 in Crossbows
  8772 | D:8      | Reached skill level 5 in Throwing
  8772 | D:8      | Reached skill level 5 in Armour
  8772 | D:8      | Reached skill level 5 in Shields
  8772 | D:8      | Reached skill level 5 in Unarmed Combat
  8772 | D:8      | Reached skill level 5 in Spellcasting
  8772 | D:8      | Reached skill level 5 in Evocations
  9000 | D:8      | Found a shimmering blue altar of Sif Muna.
  9021 | D:8      | Got Sif Muna's Compendium of Translocation
  9026 | D:8      | Found a bloodstained altar of Trog.
  9248 | D:8      | Reached skill level 11 in Stealth
  9351 | D:8      | Found an ornate altar of the Wu Jian Council.
  9357 | D:8      | Noticed a fire dragon
  9358 | D:8      | Found a staircase to the Lair.
  9747 | D:9      | Noticed jacek's ghost (journeyman DDCA)
  9749 | D:9      | Found a transporter.
  9749 | D:9      | Noticed an ice statue
  9749 | D:9      | Noticed a boulder beetle
  9756 | D:9      | Noticed an ice statue
  9880 | D:9      | Found a transporter.
  9921 | D:9      | Noticed a wizard
 10279 | D:9      | Found Xuzac's Armour Emporium.
 10485 | D:9      | Found a snail-covered altar of Cheibriados.
 10489 | D:9      | Found a glowing golden altar of the Shining One.
 10491 | D:9      | Found a white marble altar of Elyvilon.
 10612 | D:8      | Reached ***** piety under Hepliaklqana
 10672 | D:8      | Killed a fire dragon
 10851 | D:9      | Noticed a cyclops
 10858 | D:9      | Killed a cyclops
 10859 | D:9      | Reached XP level 11. HP: 78/78 MP: 17/17
 10918 | D:10     | Entered Level 10 of the Dungeon
 11175 | D:10     | Found a basalt altar of Yredelemnul.
 11293 | D:10     | Reached skill level 5 in Conjurations
 11293 | D:10     | Reached skill level 5 in Hexes
 11293 | D:10     | Reached skill level 5 in Summonings
 11293 | D:10     | Reached skill level 5 in Necromancy
 11293 | D:10     | Reached skill level 5 in Translocations
 11293 | D:10     | Reached skill level 5 in Transmutations
 11293 | D:10     | Reached skill level 5 in Fire Magic
 11293 | D:10     | Reached skill level 5 in Ice Magic
 11293 | D:10     | Reached skill level 5 in Air Magic
 11293 | D:10     | Reached skill level 5 in Earth Magic
 11293 | D:10     | Reached skill level 5 in Poison Magic
 11326 | D:10     | Found a stormy altar of Qazlal.
 11349 | D:10     | Found Leetiel's Antique Armour Boutique.
 11417 | D:10     | Noticed a two-headed ogre
 11429 | D:10     | Killed a two-headed ogre
 12114 | D:11     | Noticed a boulder beetle
 12122 | D:11     | Killed a boulder beetle
 12129 | D:11     | Noticed a cyclops
 12138 | D:11     | Killed a cyclops
 12681 | D:13     | Noticed a cyclops
 13052 | D:13     | Noticed a cyan ugly thing
 13055 | D:13     | Noticed a two-headed ogre
 13055 | D:13     | Noticed a two-headed ogre
 13055 | D:13     | Noticed an ogre mage
 13056 | D:13     | Found a gate to the Vaults.
 13056 | D:13     | Noticed a boulder beetle
 13064 | D:13     | Killed a cyan ugly thing
 13156 | D:13     | Noticed a centaur warrior
 13618 | D:12     | Noticed a seven-headed hydra
 13619 | D:12     | Noticed a cyan ugly thing
 13693 | D:12     | Noticed a manticore
 13695 | D:12     | HP: 2/80 [manticore/volley of spikes (17)]
 14096 | Lair:1   | Entered Level 1 of the Lair of Beasts
 14148 | Lair:1   | Found a frozen archway.
 14157 | IceCv    | Entered an ice cave
 14350 | IceCv    | HP: 2/80 [ice statue] (24)]
 14711 | Lair:1   | Reached XP level 12. HP: 54/86 MP: 20/20
 14976 | Lair:1   | Reached ****** piety under Hepliaklqana
 15181 | Lair:1   | You fall into a shaft and drop 1 floor!
 15319 | Lair:1   | Found a transporter.
 15319 | Lair:1   | Noticed Fatues's ghost (journeyman HuFi)
 15323 | Lair:1   | Found a transporter.
 15673 | Lair:2   | Noticed Sonja
 15680 | Lair:2   | Killed Sonja
 15722 | Lair:2   | Noticed Gastronok
 15723 | Lair:2   | Noticed a five-headed hydra
 15730 | Lair:2   | Reached skill level 12 in Stealth
 15733 | Lair:2   | Killed a five-headed hydra
 15739 | Lair:2   | Killed Gastronok
 15740 | Lair:2   | Reached skill level 10 in Fighting
 17139 | Lair:2   | Found a runed translucent door.
 17139 | Lair:2   | Found the +3 hat of Pondering {ponderous, Will+ MP+10
                  | Int+5}
 17370 | Lair:2   | Found a runed translucent gate.
 17374 | Lair:2   | Reached XP level 13. HP: 82/92 MP: 22/22
 17381 | Lair:2   | Found a runed translucent gate.
 17383 | Lair:2   | Found a runed translucent gate.
 17383 | Lair:2   | Found a runed translucent gate.
 17383 | Lair:2   | Found a runed translucent gate.
 17781 | Lair:2   | Found a runed translucent gate.
 18152 | Lair:2   | Identified the amulet "Piduohah" {Spirit rPois Will+ Slay+3
                  | Stlth+}
 18287 | Lair:3   | HP: 4/93 [swamp worm (15)]
 18287 | Lair:3   | Mangled by a four-headed hydra

Illustrated notes

Levels and vault maps discovered:
D:1:      dpeg_arrival_rooms_b, layout_rooms
D:2:      layout_loops_corners, serial_shops, nicolae_shop_behind_doors,
          basic_ecumenical_altar
D:3:      layout_loops_cross, mainiacjoe_overflow_two_lobes,
          hangedman_decor_points
D:4:      minmay_angry_zag, layout_rooms, dancing_weapons_uskayaw,
          lightli_ossuary_entry_decrepit_ruins
D:5:      layout_basic, ebering_ghost_disaster_area,
          cheibrodos_sewer_entry_sluice, serial_shops,
          nicolae_shop_advertising_works [nicolae_subvault_shop_adworks], shop,
          shop, uniq_edmund
D:6:      layout_loops_corners, minmay_temple_entry_wispy, serial_shops,
          kennysheep_mini, serial_glass, glass_columns_a, glass_columns_c,
          due_unseen_surprise, minmay_strange_pillars, item_on_display_b,
          uniq_grinder
D:7:      layout_basic, nicolae_overflow_hidden_temple, minmay_small_thing
D:8:      layout_basic, nzn_overflow_gifts_of_might_and_magic,
          mainiacjoe_overflow_alcove_1, minmay_lair_entry_lava
D:9:      layout_cave_pods, minitemple, serial_shops, nicolae_shop_waterfront,
          nzn_ghost_randoct, st_stairs_8, hangedman_decor_lopped,
          kennysheep_generic_room_4
D:10:     layout_roguey, mainiacjoe_overflow_chevrons,
          mainiacjoe_overflow_six_doors_small, serial_shops,
          nicolae_shop_crystal
D:11:     layout_basic, kennysheep_potato
D:12:     thingy_vault, layout_loops_corners, hiddenorc1_lemuel, special_room
          [special_room_bee], yredelemnul_forgotten_temple_becter
D:13:     layout_grid_maze, david_vaults_2, uniq_urug
Temple:   cyrus_temple_forest
Lair:1:   dpeg_oklob_gauntlet, layout_chaotic_city,
          portal_ice_cave_entry_pillars_2, gammafunk_ghost_hive,
          grunt_megastairs_2
Lair:2:   gammafunk_indiana_jones, layout_loops_ring,
          grunt_forest_large_clearing_hut, serial_bayou_shore_b, uniq_sonja,
          uniq_gastronok
Lair:3:   layout_loops_ring, palyth_hydra_swamp_entry

Skill      XL: |  1  2  3  4  5  6  7  8  9 10 11 12 13 |
---------------+----------------------------------------+-----
Stealth        | 10 11 12 | 12.4
Long Blades    | 1 2 3 4 5 6 7 8 |  8.1
Axes           | 1 2 3 4 5 6 7 8 |  8.1
Maces & Flails | 1 2 3 4 5 6 7 8 |  8.1
Polearms       | 1 2 3 4 5 6 7 8 |  8.1
Staves         | 1 2 3 4 5 6 7 8 |  8.1
Slings         | 1 2 3 4 5 6 7 8 |  8.1
Bows           | 1 2 3 4 5 6 7 8 |  8.1
Crossbows      | 1 2 3 4 5 6 7 8 |  8.1
Throwing       | 1 2 3 4 5 6 7 8 |  8.1
Armour         | 1 2 3 4 5 6 7 8 |  8.1
Shields        | 1 2 3 4 5 6 7 8 |  8.1
Unarmed Combat | 1 2 3 4 5 6 7 8 |  8.1
Spellcasting   | 1 2 3 4 5 6 7 8 |  8.1
Invocations    | 1 2 3 4 5 6 7 8 |  8.9
Evocations     | 1 2 3 4 5 6 7 8 |  8.1
Conjurations   | 1 2 3 4 5 6 |  6.7
Hexes          | 1 2 3 4 5 6 |  6.7
Summonings     | 1 2 3 4 5 6 |  6.7
Necromancy     | 1 2 3 4 5 6 |  6.7
Translocations | 1 2 3 4 5 6 |  6.7
Transmutations | 1 2 3 4 5 6 |  6.7
Fire Magic     | 1 2 3 4 5 6 |  6.7
Ice Magic      | 1 2 3 4 5 6 |  6.7
Air Magic      | 1 2 3 4 5 6 |  6.7
Earth Magic    | 1 2 3 4 5 6 |  6.7
Poison Magic   | 1 2 3 4 5 6 |  6.7
Short Blades   | 5 6 7 8 9 |  9.4
Dodging        | 5 6 7 8 9 |  9.4
Fighting       | 7 8 9 10 | 10.4

Action                   |  1- 3 |  4- 6 |  7- 9 | 10-12 | 13-15 || total
-------------------------+-------+-------+-------+-------+-------++-------
Melee: Short sword       |    24 |   171 |   225 |       |       ||   420
       Bite              |     3 |    30 |    16 |    68 |     4 ||   121
       Punch             |     1 |     4 |     4 |    22 |     2 ||    33
       Dagger            |       |       |       |   413 |     9 ||   422
       Trident           |       |       |       |     3 |    43 ||    46
Throw: Dart              |       |       |     2 |       |       ||     2
Invok: Recall Ancestor   |       |       |     2 |     1 |       ||     3
       Ancestor Life: Kn |       |       |     1 |       |       ||     1
Evoke: Wand              |       |     1 |     1 |     1 |       ||     3
  Use: Potion            |       |     3 |       |     3 |       ||     6
       Scroll            |       |     2 |    15 |     7 |       ||    24
 Stab: Sleeping          |     1 |     6 |    38 |    31 |     1 ||    77
       Distracted        |       |     2 |     3 |     4 |       ||     9
       Paralysed         |       |     1 |       |     1 |       ||     2
Armor: Leather armour    |     5 |    22 |    22 |    71 |     9 ||   129
Dodge: Dodged            |     9 |    73 |   168 |   231 |    31 ||   512
